Description

This build order is really easy to execute. He is designed for beginner or new player who want a solid build order to improve and to reach a good level.

The english version is coming in some weeks :)

The goal is to do an early pressure and to go on a roachs / hydralisks army. This build can be done against Zerg, Terran or Protoss with almost no variation from Bronze to Master. The build is really effective and he already helped many Zerg to go to diamond or Master.

Why i did this build order ?

  • Easy to do for beginner
  • Universal : Can be done against Zerg, Terran and Protoss
  • Easy to understand
  • Help you to improve your mechanics by focusing on macro
  • Macro oriented
  • Include scouting timing to help you learning how to scout
  • Can be done from bronze to master (I did a serie using only this)
  • Really powerfull with many strong timings

Few tips :

  • Focus on your mechanics. As Zerg player, it's all about mechanic : Inject, scout and understand when to produce
  • The first roach timing is totally insane, it will gives you many wins
  • Roachs / Hydralisks is a really good army composition and it works against all races
  • If you have to many minerals, don't forget to make a macro hatchery

This build is designed to be good in defense and in attack. You can use it without adaptation until mid-diamond. In mid-diamond you should do some small adaptations like starting playing with Tier 3 Units like Ultralisks against bio and brood lords against protoss.

VOD

https://www.youtube.com/watch?v=CSin7_AaB10

Replay - IA (très facile) v zuka - Dédale EC

Build Order

Get SALT Encoding   

  12  0:01  Drone  
  13  0:12  Overlord  
  13  0:17  Drone  
  14  0:31  Drone x3  
  17  0:52  Hatchery  
  17  0:56  Drone x2  
  17  1:02  Extractor  
  17  1:09  Drone  
  18  1:18  Spawning Pool  
  18  1:22  Drone  
  18  1:32  Drone  
  21  2:02  Overlord  
  21  2:05  Queen x2  
  25  2:08  Metabolic Boost  
  25  2:10  Zergling x4  
  32  2:48  Overlord  
  33  2:57  Lair  
  35  3:09  Queen  
  39  3:21  Roach Warren  
  44  3:30  Evolution Chamber  
  44  3:33  Overlord  
  43  3:43  Spore Crawler x2  
  46  4:02  Glial Reconstitution  
  49  4:07  Zerg Missile Weapons Level 1  
  49  4:09  Extractor x2  
  48  4:13  Overlord  
  50  4:35  Roach x5  
  60  4:44  Roach x3  
  64  4:51  Hatchery  
  65  4:58  Roach x2  
  79  5:23  Evolution Chamber  
  81  5:40  Extractor  
  85  5:56  Zerg Ground Armor Level 1  
  85  6:04  Zerg Missile Weapons Level 2  
  92  6:16  Extractor  
  93  6:21  Extractor  
  92  6:27  Hydralisk Den  
  95  6:43  Spore Crawler  
  103  7:00  Lurker Den  
  103  7:01  Hydralisk x5  
  102  7:05  Grooved Spines  
  112  7:23  Hatchery, Hydralisk x5  
  135  7:42  Hatchery  
  150  8:17  Muscular Augments  
  178  8:48  Overseer  
  178  8:55  Zergling x10  
  189  9:07  Zergling x6  
  199  9:27  Infestation Pit  
Spawning Tool Build Advisor. Get it on Overwolf

Go to:

Details

  • Created by: zuka      
  • Published on: Sep 01, 2018
  • Modified on: Sep 05, 2018
  • Patch: 4.0.0
  • Difficulty: Easy
Show
View Real Time Build Order
Export as new Build Order

Comments (0)

There are no comments. Be the first!

Create an account to comment!